 Dungeon Sprint DCSS version 0.29-a0-757-g358383bc75 (webtiles) character file.

Game seed: 17900921807734104380

134475 wilfster70 the End of an Era (level 17, -4/139 HPs)
             Began as a Gargoyle Fighter on June 30, 2022.
             Was the Champion of Qazlal.
             Killed by divine providence
             ... invoked by a royal mummy
              (10 damage)
             ... in the Dungeon (Sprint V: "Ziggurat Sprint").
             The game lasted 00:15:48 (2691 turns).

wilfster70 the End of an Era (Gargoyle Fighter)     Turns: 2691, Time: 00:15:48

Health: -4/139     AC: 56    Str: 26    XL:     17   Next: 17%
Magic:  19/34      EV:  1    Int: 19    God:    Qazlal [******]
Gold:   0          SH: 42    Dex: 11    Spells: 16/16 levels left

rFire   + + .      SeeInvis +   a - +13 lance "Wyrmbane" {slay drac, rPois rF+ rC+ AC+3}
rCold   + + .      Faith    .   c - +18 shield of the Gong {rElec rN+ Will+ EV-5}
rNeg    + + +      Spirit   .   b - +9 gold dragon scales
rPois   ∞          Reflect  .   A - +1 helmet {SInv}
rElec   +          Harm     .   q - +0 cloak {Will+}
rCorr   +          Rampage  .   G - +2 pair of gloves {Str+3}
Will    +++..      NoTele   +   (no boots)
Stlth   ..........              x - amulet of Peefeeq {Regen+ rCorr Dex+2}
HPRegen 1.13/turn               p - +6 ring of strength
MPRegen 0.24/turn               y - ring of Nub Feun {rN+ rCorr Str-3 Int+2 SInv}

@: flying, slowed, studying 4 skills, repel missiles, very slow
A: sickness immunity, AC +12, big wings, negative energy resistance 1,
electricity resistance, torment resistance 1, petrification resistance
a: Renounce Religion, Upheaval, Elemental Force, Disaster Area


You were in the Dungeon.
You worshipped Qazlal.
Qazlal was exalted by your worship.
You visited 1 branch

Inventory:

Hand Weapons
 a - the +13 lance "Wyrmbane" (weapon) {slay drac, rPois rF+ rC+ AC+3}
   (You found it in the Dungeon)

   It inflicts extra damage against dragons and draconians.
   AC:        It affects your AC (+3).
   rF:        It protects you from fire.
   rC:        It protects you from cold.
   rPois:     It protects you from poison.
Armour
 b - +9 gold dragon scales (worn)
 c - the +18 shield of the Gong (worn) {rElec rN+ Will+ EV-5}
   (You found it in the Dungeon)

   It is deafeningly noisy when blocking attacks.
   EV:        It affects your evasion (-5).
   rElec:     It insulates you from electricity.
   rN:        It protects you from negative energy.
   Will:      It increases your willpower.
 q - a +0 cloak of willpower (worn)
 A - a +1 helmet of see invisible (worn)
 E - a +1 cloak
 G - a +2 pair of gloves of strength (worn)
Jewellery
 p - a +6 ring of strength (left hand)
 s - a ring of ice
 x - the amulet of Peefeeq (around neck) {Regen+ rCorr Dex+2}
   (You found it in the Dungeon)

   [amulet of regeneration]

   Dex:       It affects your dexterity (+2).
   Regen:     It increases your rate of health regeneration.
   rCorr:     It protects you from acid and corrosion.
 y - the ring of Nub Feun (right hand) {rN+ rCorr Str-3 Int+2 SInv}
   (You found it in the Dungeon)

   [ring of see invisible]

   Str:       It affects your strength (-3).
   Int:       It affects your intelligence (+2).
   rN:        It protects you from negative energy.
   SInv:      It lets you see invisible.
   rCorr:     It protects you from acid and corrosion.
 C - the ring of Xur Usere {Ice Dex+5}
   (You found it in the Dungeon)

   [ring of ice]

   It enhances your ice magic.
   Dex:       It affects your dexterity (+5).
   rF:        It makes you vulnerable to fire.
   rC:        It protects you from cold.
 F - a +6 ring of strength
 H - the ring of Plog {Fire Dex+2 Stlth+}
   (You found it in the Dungeon)

   [ring of fire]

   It enhances your fire magic.
   Dex:       It affects your dexterity (+2).
   rF:        It protects you from fire.
   rC:        It makes you vulnerable to cold.
   Stlth:     It makes you more stealthy.
 I - the ring "Gulas" {rPois rF++ Will-}
   (You took it off a deep elf archer in the Dungeon)

   [ring of poison resistance]

   rF:        It greatly protects you from fire.
   rPois:     It protects you from poison.
   Will:      It decreases your willpower.
 J - the ring "Xotet" {rC+ rN+}
   (You took it off a deep elf master archer in the Dungeon)

   [ring of positive energy]

   rC:        It protects you from cold.
   rN:        It protects you from negative energy.
 K - a ring of wizardry
 L - the amulet "Toroed" {rN+ Regen+ Int+6}
   (You took it off a deep elf master archer in the Dungeon)

   [amulet of regeneration]

   Int:       It affects your intelligence (+6).
   rN:        It protects you from negative energy.
   Regen:     It increases your rate of health regeneration.
Wands
 k - a wand of mindburst (7)
 l - a wand of iceblast (7)
 m - a wand of acid (7)
Scrolls
 j - 4 scrolls of blinking
 r - 5 scrolls of identify
 t - 4 scrolls of amnesia
 u - 7 scrolls of fog
 w - 2 scrolls of fear
Potions
 d - 6 potions of might
 e - 10 potions of curing
 f - 10 potions of heal wounds
 g - 10 potions of haste
 h - 7 potions of magic
 i - 2 potions of berserk rage
 n - 2 potions of brilliance
 o - 2 potions of invisibility
 v - 4 potions of resistance
Miscellaneous
 z - a box of beasts
 B - a condenser vane
 D - a tin of tremorstones (2/2)


   Skills:
 O Level 27 Fighting
 - Level 12.0 Polearms
 - Level 19.5 Armour
 - Level 25.0 Shields
 O Level 27 Invocations
 + Level 26.0 Evocations


You had 16 spell levels left.
You didn't know any spells.
Your spell library contained the following spells:

 Spells                   Type           Power      Damage    Failure   Level
 Apportation              Tloc           0%         N/A       97%         1
 Beastly Appendage        Tmut           0%         N/A       97%         1
 Magic Dart               Conj           0%         1d3       97%         1
 Necrotize                Necr           0%         1d4       97%         1
 Sandblast                Erth           0%         2d4       97%         1
 Slow                     Hex            0%         N/A       97%         1
 Sting                    Tmut/Pois      0%         1d3       97%         1
 Summon Small Mammal      Summ           0%         N/A       97%         1
 Passwall                 Tmut/Erth      0%         N/A       99%         2
 Poisonous Vapours        Pois/Air       0%         N/A       99%         2
 Scorch                   Fire           0%         2d5       99%         2
 Static Discharge         Conj/Air       0%         N/A       99%         2
 Wereblood                Tmut           0%         N/A       99%         2
 Confusing Touch          Hex            0%         N/A       100%        3
 Conjure Flame            Conj/Fire      0%         6-21      100%        3
 Frozen Ramparts          Ice            0%         1d2       100%        3
 Gell's Gravitas          Tloc           0%         N/A       100%        3
 Ignite Poison            Fire/Tmut/Pois 0%         N/A       100%        3
 Lesser Beckoning         Tloc           0%         N/A       100%        3
 Mephitic Cloud           Conj/Pois/Air  0%         N/A       100%        3
 Ozocubu's Armour         Ice            0%         N/A       100%        3
 Spider Form              Tmut/Pois      0%         N/A       100%        3
 Stone Arrow              Conj/Erth      0%         3d7       100%        3
 Teleport Other           Tloc           0%         N/A       100%        3
 Vampiric Draining        Necr           0%         2d6       100%        3
 Airstrike                Air            0%         N/A       100%        4
 Anguish                  Hex/Necr       0%         N/A       100%        4
 Animate Armour           Summ/Erth      0%         N/A       100%        4
 Animate Dead             Necr           0%         N/A       100%        4
 Cause Fear               Hex            0%         N/A       100%        4
 Corpse Rot               Necr/Pois/Air  0%         N/A       100%        4
 Flame Wave               Conj/Fire      0%         2d4       100%        4
 Fulminant Prism          Conj/Hex       0%         3d6       100%        4
 Ice Form                 Ice/Tmut       0%         N/A       100%        4
 Olgreb's Toxic Radiance  Pois           0%         N/A       100%        4
 Passage of Golubria      Tloc           0%         N/A       100%        4
 Sticky Flame             Conj/Fire      0%         2d3       100%        4
 Summon Ice Beast         Ice/Summ       0%         N/A       100%        4
 Summon Lightning Spire   Summ/Air       0%         N/A       100%        4
 Agony                    Necr           0%         N/A       100%        5
 Alistair's Intoxication  Tmut/Pois      0%         N/A       100%        5
 Borgnjor's Vile Clutch   Necr/Erth      0%         N/A       100%        5
 Fireball                 Conj/Fire      0%         3d3       100%        5
 Freezing Cloud           Conj/Ice/Air   0%         6-21      100%        5
 Irradiate                Conj/Tmut      0%         3d13      100%        5
 Iskenderun's Battlesphe  Conj           0%         2d6       100%        5
 Lightning Bolt           Conj/Air       0%         1d11      100%        5
 Silence                  Hex/Air        0%         N/A       100%        5
 Summon Forest            Summ/Tloc      0%         N/A       100%        5
 Conjure Ball Lightning   Conj/Air       0%         3x3d6     100%        6
 Death Channel            Necr           0%         N/A       100%        6
 Dispersal                Tloc           0%         N/A       100%        6
 Eringya's Noxious Bog    Tmut/Pois      0%         N/A       100%        6
 Iron Shot                Conj/Erth      0%         9d1       100%        6
 Simulacrum               Ice/Necr       0%         N/A       100%        6
 Starburst                Conj/Fire      0%         6d3       100%        6
 Summon Cactus Giant      Summ           0%         N/A       100%        6
 Dragon Form              Tmut           0%         N/A       100%        7
 Enfeeble                 Hex            0%         N/A       100%        7
 Monstrous Menagerie      Summ           0%         N/A       100%        7
 Orb of Destruction       Conj           0%         9d5       100%        7
 Ozocubu's Refrigeration  Ice            0%         4d5       100%        7
 Summon Hydra             Summ           0%         N/A       100%        7
 Borgnjor's Revivificati  Necr           0%         N/A       100%        8
 Ignition                 Fire           0%         3d3       100%        8
 Infestation              Necr           0%         N/A       100%        8
 Maxwell's Capacitive Co  Air            0%         ∞         100%        8
 Necromutation            Tmut/Necr      0%         N/A       100%        8
 Death's Door             Necr           0%         N/A       100%        9
 Dragon's Call            Summ           0%         N/A       100%        9
 Fire Storm               Conj/Fire      0%         5d1       100%        9
 Polar Vortex             Ice            0%         N/A       100%        9
 Sublimation of Blood     Necr           Unusable   N/A       N/A         2

Dungeon Overview and Level Annotations

Branches:
Dungeon (1/1)

Altars:
Ashenzari
Cheibriados
Dithmenos
Elyvilon
Fedhas
Gozag
Hepliaklqana
Kikubaaqudgha
Makhleb
Nemelex Xobeh
Okawaru
Qazlal
Ru
Sif Muna
Trog
Uskayaw
Vehumet
Wu Jian
Xom
Yredelemnul
Zin
The Shining One
Beogh
Jiyva
Lugonu


Innate Abilities, Weirdness & Mutations

You are immune to sickness and miasma.
Your stone body is resilient. (AC +12)
You are immune to poison.
Your large and strong wings let you fly.
You resist negative energy. (rN+)
You are resistant to electric shocks. (rElec)
You are resistant to unholy torment.
You are immune to petrification.


Message History

The blast of ice hits the ushabti!!
The ushabti partially resists.
You destroy the ushabti!
Qazlal accepts your kill.
The blast of ice hits the royal mummy!!
The royal mummy partially resists.
The royal mummy is moderately damaged.
The royal mummy is flash-frozen.
The blast of magma engulfs the royal mummy!!!!
The royal mummy is burned terribly!
The royal mummy is almost destroyed.
The blast of magma engulfs the mummy priest!!
The mummy priest partially resists.
You destroy the mummy priest!
Qazlal accepts your kill.
The blast of magma engulfs the royal mummy!!
You destroy the royal mummy!
Qazlal accepts your kill.
The blast of ice hits the royal mummy!!
The royal mummy partially resists.
The royal mummy is almost destroyed.
The blast of ice hits the flying skull!!
The flying skull partially resists.
You destroy the flying skull!
Qazlal accepts your kill.
You feel extremely nervous for a moment...
Pain shoots through your body!!
You feel extremely nervous for a moment...
Pain shoots through your body!
You feel extremely nervous for a moment...
Pain shoots through your body!!
* * * LOW HITPOINT WARNING * * *
You feel extremely nervous for a moment...
Pain shoots through your body!
* * * LOW HITPOINT WARNING * * *
You feel extremely nervous for a moment...
Pain shoots through your body!!
* * * LOW HITPOINT WARNING * * *
The mummy priest mumbles some strange prayers to its god.
A mummy comes into view.
The royal mummy points at you and mumbles some strange words.
Something smites you!
You die...

▓▓▓▓▓▓▓▓▓▓
©8.......▓}≈≈..§M≈V≈|[M=
)..).)|).▓.≈§≈)≈≈z§})§≈≈
))|).)|).▓§≈≈§§§V§≈≈≈M≈.
))}.)..}.▓≈§≈§§§.§§§≈≈≈.
)).......▓§≈§§§§§§≈≈≈§§≈
.))......▓.≈§≈○.§≈.≈≈§.§
.).......▓≈≈≈≈§§.≈.≈≈§§§
)........▓≈≈..§°@§§≈.§§§
).†......▓§§§§§.☼≈.≈§§§§
.........▓.§§.☼≈≈§§≈§§§§
.........▓§§§...≈.§§§§.§..
....... ▓§§§.≈≈≈.§.≈.≈≈..
≈...▓. . ▓§.§§▓..§§§§..≈▓
.≈.▓▓ .. ▓..§▓▓▓....≈..▓▓
. ≈...▓...
▓.§..▓.§.......▓..
........
▓.................


You could see a royal mummy (frozen), a mummy priest, a jiangshi (summoned), a
vampire (summoned), a mummy and a wight (summoned).

Vanquished Creatures
  A pandemonium lord (D)
  2 royal mummies (D)
  3 bone dragons (D)
  2 Ice Fiends (D)
  6 deep elf blademasters (D)
  5 deep elf master archers (D)
  An acid blob (D)
  4 tentacled starspawn (D)
  2 draconian monks (D)
  2 nagarajas (D)
  2 rockslimes (D)
  A draconian knight (D)
  2 azure jellies (D)
  A nargun (D)
  4 deep elf sorcerers (D)
  4 frost giants (D)
  An emperor scorpion (D)
  3 draconian scorchers (D)
  A cacodemon (D)
  A draconian shifter (D)
  4 green draconians (D)
  2 black draconians (D)
  2 deep elf annihilators (D)
  An entropy weaver (D)
  4 wendigos (D)
  3 white draconians (D)
  4 red draconians (D)
  6 purple draconians (D)
  A yellow draconian (D)
  6 blizzard demons (D)
  An eidolon (D)
  3 mummy priests (D)
  3 fire dragons (D)
  3 deep elf high priests (D)
  2 great orbs of eyes (D)
  5 hydras (D)
  2 catoblepae (D)
  5 ice dragons (D)
  7 dancing weapons (D)
  A naga warrior (D)
  A radroach (D)
  2 death scarabs (D)
  A thrashing horror (D)
  3 soul eaters (D)
  A deep elf knight (D)
  A pharaoh ant (D)
  6 death drakes (D)
  2 steelbarb worms (D)
  An orb spider (D)
  2 starcursed masses (D)
  3 deep elf archers (D)
  A swamp dragon (D)
  3 deep elf pyromancers (D)
  6 deep elf zephyrmancers (D)
  An orc sorcerer (D)
  A wolf spider (D)
  An ugly thing (D)
  2 shining eyes (D)
  A worldbinder (D)
  4 slime creatures (D)
  5 large abominations (D)
  3 elephants (D)
  5 black mambas (D)
  2 guardian serpents (D)
  3 toenail golems (D)
  A naga mage (D)
  A torpor snail (D)
  An eye of devastation (D)
  An apocalypse crab (D)
  2 smoke demons (D)
  4 cane toads (D)
  A hellion (D)
  An orange demon (D)
  3 rime drakes (D)
  2 ice devils (D)
  A rime drake (shapeshifter) (D)
  7 komodo dragons (D)
  2 freezing wraiths (D)
  A tormentor (D)
  6 guardian mummies (D)
  An ancient zyme (D)
  6 polar bears (D)
  2 hornets (D)
  A raiju (D)
  A tarantella (D)
  4 blink frogs (D)
  A dream sheep (D)
  A dream sheep (shapeshifter) (D)
  A culicivora (D)
  3 jumping spiders (D)
  5 flying skulls (D)
  9 spriggans (D)
  3 wyverns (D)
  4 air elementals (D)
  A fire bat (shapeshifter) (D)
  A golden eye (D)
  7 ushabtiu (D)
  A basilisk (D)
  3 yaks (D)
  7 small abominations (D)
  3 chaos spawn (D)
  2 redbacks (D)
  5 acid dragons (D)
  2 hell hounds (D)
  A swamp drake (D)
  9 water moccasins (D)
  A floating eye (D)
  2 black bears (D)
  2 ice beasts (D)
  7 wolves (D)
  A phantom (D)
  5 bullfrogs (D)
  6 earth elementals (D)
  4 scorpions (D)
  5 crimson imps (D)
  5 jellies (D)
  7 quasits (D)
  An iguana (D)
  6 iron imps (D)
  15 mummies (D)
  An adder (D)
  3 shadow imps (D)
  5 white imps (D)
  2 ufetubi (D)
  2 spectral adders (D)
  3 adder skeletons (D)
  5 adder simulacra (D)
  2 bat skeletons (D)
  A bat zombie (D)
  2 endoplasms (D)
  2 ball python simulacra (D)
  2 ball python skeletons (D)
  2 ball python zombies (D)
  A bat simulacrum (D)
  2 giant cockroach simulacra (D)
  3 giant cockroach zombies (D)
  A jackal simulacrum (D)
  A jackal skeleton (D)
  A quokka simulacrum (D)
  A quokka skeleton (D)
  A quokka zombie (D)
  A spectral ball python (D)
  A spectral giant cockroach (D)
  2 spectral quokkas (D)
406 creatures vanquished.

Vanquished Creatures (others)
  A bat simulacrum (D)
1 creature vanquished.

Grand Total: 407 creatures vanquished

Notes
Turn   | Place    | Note
-------+----------+-------------------------------------------
     0 | D        | wilfster70 the Gargoyle Fighter began the quest for the
                  | Orb.
     0 | D        | Reached XP level 1. HP: 14/14 MP: 1/1
    16 | D        | Found a shimmering blue altar of Sif Muna.
    16 | D        | Found a bloodstained altar of Trog.
    16 | D        | Found a sacrificial altar of Ru.
    16 | D        | Found a stormy altar of Qazlal.
    16 | D        | Found an iron altar of Okawaru.
    20 | D        | Found a sparkling altar of Nemelex Xobeh.
    20 | D        | Found the +7 great mace "Firestarter" {inner flame, rF++}
    20 | D        | Found the +6 shillelagh "Devastator" {shatter}
    20 | D        | Found the +11 plutonium sword {Contam Stlth-}
    20 | D        | Found the +8 lance "Wyrmbane" {slay drac, rPois rF+ rC+
                  | AC+3}
    20 | D        | Found the +9 sword of Zonguldrok {reap}
    20 | D        | Found the +13 scythe of Curses {drain, Drain}
    20 | D        | Found the +5 sword of Power {vorpal}
    20 | D        | Found the +7 mace of Variability {chain chaos}
    20 | D        | Found the +7 Singing Sword {vorpal, sonic wave}
    20 | D        | Found the +8 storm bow {elec, penet}
    20 | D        | Found the +6 Majin-Bo {vamp, MP+6 Int+6}
    20 | D        | Found the +9 heavy crossbow "Sniper" {vorpal, Acc+∞ SInv}
    20 | D        | Found the +10 dark maul {vorpal}
    20 | D        | Found the +15 Maxwell's patent armour {-Cast -Tele rElec
                  | Will+ rCorr}
    20 | D        | Found the +18 shield of the Gong {rElec rN+ Will+ EV-5}
    20 | D        | Found the +14 obsidian axe {vorpal, Mesm Drain Fly SInv}
    21 | D        | Found a burning altar of Makhleb.
    21 | D        | Found a corrupted altar of Lugonu.
    21 | D        | Found an ancient bone altar of Kikubaaqudgha.
    21 | D        | Found a transporter.
    21 | D        | Found a viscous altar of Jiyva.
    24 | D        | Became a worshipper of Qazlal Stormbringer
    32 | D        | Found a hazy altar of Hepliaklqana.
    67 | D        | Found a blossoming altar of Fedhas.
    69 | D        | Found an opulent altar of Gozag.
    72 | D        | Reached XP level 2. HP: 20/20 MP: 1/4
   112 | D        | Entered arena 2.
   112 | D        | Noticed a wolf
   112 | D        | Found a transporter.
   116 | D        | Killed a wolf
   117 | D        | Reached skill level 5 in Fighting
   117 | D        | Reached skill level 5 in Polearms
   117 | D        | Reached skill level 5 in Armour
   117 | D        | Reached skill level 5 in Shields
   117 | D        | Reached XP level 3. HP: 26/26 MP: 4/6
   117 | D        | Reached XP level 4. HP: 31/31 MP: 4/7
   120 | D        | Reached XP level 5. HP: 36/36 MP: 4/8
   154 | D        | Entered arena 3.
   154 | D        | Noticed an acid dragon
   154 | D        | Noticed a fire bat
   154 | D        | Noticed a green ugly thing
   154 | D        | Found a transporter.
   156 | D        | Noticed a wyvern
   156 | D        | an acid dragon changed into a wyvern
   157 | D        | Noticed a tengu
   157 | D        | a wyvern changed into a tengu
   161 | D        | Killed a fire bat
   161 | D        | Reached * piety under Qazlal
   162 | D        | Reached skill level 5 in Invocations
   162 | D        | Reached XP level 6. HP: 35/42 MP: 8/10
   165 | D        | Noticed a rime drake
   165 | D        | a tengu changed into a rime drake
   169 | D        | Killed a green ugly thing
   170 | D        | Reached XP level 7. HP: 28/48 MP: 8/12
   171 | D        | Killed a rime drake
   172 | D        | Reached XP level 8. HP: 33/55 MP: 9/13
   295 | D        | Entered arena 4.
   295 | D        | Found a transporter.
   298 | D        | Reached ** piety under Qazlal
   315 | D        | Got the ring of Nub Feun {rN+ rCorr Str-3 Int+2 SInv}
   325 | D        | Entered arena 5.
   325 | D        | Found a transporter.
   336 | D        | Reached *** piety under Qazlal
   369 | D        | Entered arena 6.
   369 | D        | Noticed a jumping spider
   369 | D        | Found a transporter.
   376 | D        | Reached **** piety under Qazlal
   377 | D        | Reached skill level 10 in Polearms
   377 | D        | Killed a jumping spider
   385 | D        | Reached ***** piety under Qazlal
   443 | D        | Entered arena 7.
   443 | D        | Noticed a spriggan
   443 | D        | Noticed a spriggan
   443 | D        | Noticed a spriggan
   455 | D        | Killed a spriggan
   456 | D        | Reached XP level 9. HP: 61/61 MP: 15/15
   480 | D        | Reached skill level 10 in Shields
   484 | D        | Reached skill level 10 in Fighting
   484 | D        | Reached skill level 10 in Armour
   484 | D        | Found a transporter.
   494 | D        | Acquired the +3 crystal plate armour "Casireng" {rElec
                  | rCorr}
   516 | D        | Entered arena 8.
   516 | D        | Noticed a green draconian
   517 | D        | Found a transporter.
   553 | D        | Killed a green draconian
   553 | D        | Reached ****** piety under Qazlal
   554 | D        | Reached skill level 10 in Invocations
   671 | D        | Entered arena 9.
   671 | D        | Noticed a smoke demon
   671 | D        | Noticed a smoke demon
   673 | D        | Found a transporter.
   675 | D        | Killed a smoke demon
   676 | D        | Reached XP level 10. HP: 54/69 MP: 8/17
   679 | D        | Killed a smoke demon
   696 | D        | Got the ring "Vionyil" {Dex+6 Stlth+}
   701 | D        | Got Kuchen's Guide on Excruciating Contamination
   767 | D        | Entered arena 10.
   767 | D        | Noticed a toenail golem
   767 | D        | Noticed a toenail golem
   767 | D        | Noticed a toenail golem
   768 | D        | Found a transporter.
   769 | D        | Killed a toenail golem
   770 | D        | Killed a toenail golem
   771 | D        | Killed a toenail golem
   835 | D        | Entered arena 11.
   835 | D        | Noticed a spriggan rider
   835 | D        | Noticed a spriggan rider
   836 | D        | Found a transporter.
   837 | D        | Killed a spriggan rider
   838 | D        | Reached XP level 11. HP: 77/77 MP: 10/20
   839 | D        | Reached skill level 15 in Shields
   859 | D        | Got the ring of Neihoxt {Fly rC+ MP+9 Str+3}
   953 | D        | Entered arena 12.
   953 | D        | Noticed a rockslime
   953 | D        | Noticed a rockslime
   953 | D        | Noticed a great orb of eyes
   953 | D        | Noticed a shining eye
   954 | D        | Noticed an acid blob
   954 | D        | Noticed an azure jelly
   957 | D        | Killed a rockslime
   957 | D        | Killed a great orb of eyes
   957 | D        | Killed an acid blob
   957 | D        | Killed a shining eye
   957 | D        | Killed an azure jelly
   975 | D        | Killed a rockslime
   976 | D        | Reached skill level 15 in Fighting
   976 | D        | Reached skill level 15 in Armour
   977 | D        | Found a transporter.
   986 | D        | Got Wuatuush's Collected Works on Shifting Confrontation
  1078 | D        | Entered arena 13.
  1078 | D        | Noticed a naga warrior
  1078 | D        | Noticed a nagaraja
  1079 | D        | Noticed a nagaraja
  1080 | D        | Killed a nagaraja
  1081 | D        | Reached skill level 15 in Invocations
  1081 | D        | Reached XP level 12. HP: 88/88 MP: 13/23
  1082 | D        | Found a transporter.
  1085 | D        | Killed a nagaraja
  1097 | D        | Killed a naga warrior
  1105 | D        | Got the Handbook of Combat Magic
  1144 | D        | Entered arena 14.
  1145 | D        | Noticed a great orb of eyes
  1148 | D        | Killed a great orb of eyes
  1149 | D        | Found a transporter.
  1249 | D        | Entered arena 15.
  1249 | D        | Noticed a soul eater
  1249 | D        | Noticed a soul eater
  1250 | D        | Noticed a soul eater
  1254 | D        | Killed a soul eater
  1254 | D        | Killed a soul eater
  1269 | D        | Killed a soul eater
  1270 | D        | Found a transporter.
  1294 | D        | Got the Collected Works on Blows and Bruises
  1308 | D        | Entered arena 16.
  1309 | D        | Noticed an entropy weaver
  1309 | D        | Noticed a radroach
  1310 | D        | Noticed an emperor scorpion
  1311 | D        | Killed a radroach
  1312 | D        | Killed an entropy weaver
  1312 | D        | Killed an emperor scorpion
  1313 | D        | Reached skill level 5 in Evocations
  1313 | D        | Reached XP level 13. HP: 99/99 MP: 8/25
  1423 | D        | Found a transporter.
  1435 | D        | Got the amulet of Moruerhy {Spirit rF+ rN+}
  1439 | D        | Got the amulet of Peefeeq {Regen+ rCorr Dex+2}
  1458 | D        | Entered arena 17.
  1460 | D        | Noticed an azure jelly
  1460 | D        | Noticed a wendigo
  1460 | D        | Noticed a wendigo
  1463 | D        | Killed a wendigo
  1463 | D        | Killed a wendigo
  1463 | D        | Killed an azure jelly
  1463 | D        | Noticed an Ice Fiend
  1465 | D        | Noticed a nargun
  1466 | D        | Noticed a wendigo
  1466 | D        | Found the +5 scythe "Finisher" {speed, eviscerate}
  1467 | D        | Killed a nargun
  1467 | D        | Noticed a wendigo
  1473 | D        | Killed a wendigo
  1473 | D        | Killed a wendigo
  1482 | D        | Killed an Ice Fiend
  1483 | D        | Found a transporter.
  1598 | D        | Got the ring "Rucsiklu" {Wiz Int+2}
  1621 | D        | Entered arena 18.
  1624 | D        | Noticed a cacodemon
  1625 | D        | Identified the +2 arbalest "Gyjoryutu" {flame, Int+5 Dex-3}
  1629 | D        | Killed a cacodemon
  1634 | D        | Found a transporter.
  1708 | D        | Entered arena 19.
  1724 | D        | Found a transporter.
  1800 | D        | Got the ring of Xur Usere {Ice Dex+5}
  1824 | D        | Entered arena 20.
  1828 | D        | Noticed a fire dragon
  1828 | D        | Noticed a fire dragon
  1828 | D        | Noticed a fire dragon
  1829 | D        | Noticed an ice dragon
  1829 | D        | Noticed an ice dragon
  1830 | D        | Killed a fire dragon
  1830 | D        | Killed a fire dragon
  1831 | D        | Reached skill level 10 in Evocations
  1831 | D        | Gained mutation: Your large and strong wings let you fly.
                  | [Gargoyle growth]
  1831 | D        | Reached XP level 14. HP: 112/112 MP: 18/27
  1845 | D        | Found a transporter.
  1864 | D        | Got the ring "Ekew" {Wiz Drain rElec Str-3 Int+8}
  1867 | D        | Got the amulet "Doutz" {Faith rPois rC++ Int+3 Stlth+}
  1919 | D        | Entered arena 21.
  1929 | D        | Noticed a black draconian
  1929 | D        | Noticed a red draconian
  1929 | D        | Noticed a purple draconian
  1930 | D        | Noticed a purple draconian
  1930 | D        | Noticed a black draconian
  1930 | D        | Noticed a green draconian
  1930 | D        | Noticed a purple draconian
  1930 | D        | Noticed a purple draconian
  1930 | D        | Noticed a red draconian
  1930 | D        | Noticed a green draconian monk
  1930 | D        | Noticed a red draconian scorcher
  1930 | D        | Identified the ring "Nopoly" {Contam +Blink rN+++ AC+4
                  | Slay+3}
  1930 | D        | Noticed a red draconian scorcher
  1931 | D        | Killed a red draconian
  1931 | D        | Killed a purple draconian
  1931 | D        | Killed a black draconian
  1931 | D        | Killed a green draconian
  1931 | D        | Killed a purple draconian
  1931 | D        | Killed a red draconian scorcher
  1931 | D        | Killed a purple draconian
  1931 | D        | Noticed a purple draconian
  1932 | D        | Noticed a green draconian
  1932 | D        | Noticed a red draconian
  1933 | D        | Noticed a black draconian knight
  1933 | D        | Noticed a white draconian
  1933 | D        | Noticed a yellow draconian
  1933 | D        | Noticed a white draconian
  1933 | D        | Identified the +5 rapier "Demon's Death Toll" {freeze,
                  | rPois}
  1933 | D        | Noticed a purple draconian shifter
  1934 | D        | Noticed a green draconian monk
  1934 | D        | Noticed a white draconian
  1935 | D        | Killed a white draconian
  1935 | D        | Killed a red draconian scorcher
  1935 | D        | Killed a purple draconian
  1935 | D        | Killed a purple draconian
  1935 | D        | Killed a yellow draconian
  1935 | D        | Killed a purple draconian shifter
  1935 | D        | Killed a black draconian
  1935 | D        | Killed a green draconian
  1935 | D        | Killed a green draconian monk
  1935 | D        | Killed a green draconian monk
  1935 | D        | Killed a red draconian
  1935 | D        | Killed a black draconian knight
  1935 | D        | Killed a white draconian
  1935 | D        | Noticed a purple draconian
  1935 | D        | Noticed a red draconian scorcher
  1936 | D        | Reached XP level 15. HP: 55/120 MP: 13/29
  1964 | D        | Killed a red draconian scorcher
  1965 | D        | Found a transporter.
  2050 | D        | Got the Incunabulum of Vitriolic Malediction
  2093 | D        | Entered arena 22.
  2112 | D        | Found a transporter.
  2122 | D        | Got the ring of Favawkal {rPois Will+ EV+4}
  2132 | D        | Got Paqoidyd's Guide on Displaced Ice
  2183 | D        | Entered arena 23.
  2194 | D        | Noticed a frost giant
  2194 | D        | Noticed a frost giant
  2194 | D        | Noticed an Ice Fiend
  2195 | D        | Noticed a frost giant
  2196 | D        | Killed a frost giant
  2196 | D        | Killed a frost giant
  2196 | D        | Killed a frost giant
  2197 | D        | Reached skill level 15 in Evocations
  2199 | D        | Killed a frost giant
  2199 | D        | Killed an Ice Fiend
  2208 | D        | Found a transporter.
  2271 | D        | Got the ring "Xik Ilymn" {Fly rPois Str+7 Dex-3}
  2288 | D        | Got the amulet of Focoewn {Spirit rPois Int+2}
  2299 | D        | Got Xuyn's Incunabulum of Stolen Souls
  2316 | D        | Entered arena 24.
  2327 | D        | Noticed a bone dragon
  2328 | D        | Noticed a bone dragon
  2328 | D        | Noticed a tentacled starspawn
  2329 | D        | Killed a tentacled starspawn
  2329 | D        | Killed a tentacled starspawn
  2329 | D        | Killed a tentacled starspawn
  2329 | D        | Identified the ring "Gikeople" {rC+ rCorr}
  2330 | D        | Noticed a bone dragon
  2330 | D        | Noticed a tentacled starspawn
  2331 | D        | Killed a tentacled starspawn
  2331 | D        | Killed a bone dragon
  2332 | D        | Reached XP level 16. HP: 127/132 MP: 14/32
  2339 | D        | Noticed Nywke the pandemonium lord
  2344 | D        | Killed a bone dragon
  2345 | D        | Killed a bone dragon
  2366 | D        | Killed Nywke the pandemonium lord
  2465 | D        | Found a transporter.
  2503 | D        | Got the ring of Plog {Fire Dex+2 Stlth+}
  2513 | D        | Entered arena 25.
  2524 | D        | Noticed a deep elf blademaster
  2524 | D        | Noticed a deep elf blademaster
  2525 | D        | Noticed a deep elf master archer
  2526 | D        | Noticed a deep elf blademaster
  2526 | D        | Noticed a deep elf master archer
  2527 | D        | Noticed a deep elf blademaster
  2527 | D        | Noticed a deep elf blademaster
  2527 | D        | Killed a deep elf master archer
  2527 | D        | Killed a deep elf master archer
  2527 | D        | Killed a deep elf master archer
  2527 | D        | Killed a deep elf blademaster
  2527 | D        | Killed a deep elf blademaster
  2527 | D        | Killed a deep elf blademaster
  2527 | D        | Identified the +8 great sword of Ijonysuc {venom, Contam
                  | Int+5}
  2527 | D        | Identified the amulet "Toroed" {rN+ Regen+ Int+6}
  2527 | D        | Noticed a deep elf master archer
  2528 | D        | Reached skill level 27 in Fighting
  2528 | D        | Reached skill level 27 in Invocations
  2528 | D        | Noticed a deep elf master archer
  2528 | D        | Identified the +1 chain mail of Complete Protection {rElec
                  | Will+}
  2529 | D        | Identified the +0 halberd of the Lair of Beasts {drain,
                  | rN++ rCorr Str+4 Dex-2}
  2529 | D        | Identified the ring "Gulas" {rPois rF++ Will-}
  2529 | D        | Identified the +1 great sword of Putzi {freeze, Int+2}
  2530 | D        | Killed a deep elf master archer
  2530 | D        | Killed a deep elf blademaster
  2530 | D        | Killed a deep elf master archer
  2538 | D        | Identified the +1 great mace of Bespelled Offence {spect,
                  | rPois MP-9 Int+3 Dex+3}
  2539 | D        | Noticed a deep elf blademaster
  2543 | D        | Killed a deep elf blademaster
  2544 | D        | Reached XP level 17. HP: 121/139 MP: 20/34
  2548 | D        | Killed a deep elf blademaster
  2550 | D        | Found a transporter.
  2650 | D        | Got the ring "Xotet" {rC+ rN+}
  2653 | D        | Got Quipnysh's Tome of the Cankerous Escort
  2671 | D        | Entered arena 26.
  2688 | D        | Noticed a royal mummy
  2689 | D        | Noticed a royal mummy
  2689 | D        | Noticed a royal mummy
  2691 | D        | Killed a royal mummy
  2691 | D        | Killed a royal mummy
  2691 | D        | HP: 4/139 [something (20)]
  2691 | D        | Killed from afar by a royal mummy

Illustrated notes

Levels and vault maps discovered:
D:        sprint_v [room_start, room_1, room_2, room_3, room_4, room_5, room_6,
          room_7, room_8, room_9, room_10, room_11, room_12, room_13, room_14,
          room_15, room_16, room_17, room_18, room_19, room_20, room_21,
          room_22, room_23, room_24, room_25, room_26, room_27]

Skill      XL: |  1  2  3  4  5  6  7  8  9 10 11 12 13 14 15 16 17 |
---------------+----------------------------------------------------+-----
Fighting       | 4 5 6 7 8 9 11 12 15 18 22 24 26 27 | 27.0
Polearms       | 4 5 6 7 9 10 12 | 12.0
Armour         | 4 5 6 7 8 9 11 12 15 17 19 | 19.5
Shields        | 4 5 6 8 9 11 14 18 19 20 23 25 | 25.0
Invocations    | 3 4 5 7 8 10 12 15 17 19 21 25 27 | 27.0
Evocations     | 5 10 13 17 24 26 | 26.0

Action                   |  1- 3 |  4- 6 |  7- 9 | 10-12 | 13-15 | 16-18 || total
-------------------------+-------+-------+-------+-------+-------+-------++-------
Melee: Lance             |     4 |    18 |   110 |    93 |   106 |    45 ||   376
Invok: Disaster Area     |       |       |     1 |    11 |    17 |     6 ||    35
Evoke: Condenser vane    |       |       |       |       |     1 |       ||     1
       Tin of tremorston |       |       |       |       |       |     3 ||     3
  Use: Potion            |     1 |       |       |       |       |     1 ||     2
       Scroll            |       |       |     1 |       |     4 |       ||     5
 Stab: Petrified         |       |       |       |       |     2 |       ||     2
       Petrifying        |       |       |       |       |     1 |       ||     1
Armor: Gold dragon scale |     1 |     9 |    66 |    15 |    49 |    16 ||   156
Dodge: Dodged            |       |       |       |       |     3 |       ||     3
Block: Kite shield       |     7 |    23 |   200 |    65 |   134 |    55 ||   484

Table legend: (Time is in decaauts)
 A = Elapsed time spent in this place.
 B = Non-inter-level travel time spent in this place.
 C = Inter-level travel time spent in this place.
 D = Time resting spent in this place.
 E = Time spent auto-exploring this place.
 F = Levels seen in this place.
 G = Mean time per level.
                   A        B        C        D        E       F      G
               +--------+--------+--------+--------+--------+-----+--------+
         Total |   2555 |   2554 |      1 |   1317 |      0 |   1 | 2555.0 |
       Dungeon |   2555 |   2554 |      1 |   1317 |      0 |   1 | 2555.0 |
               +--------+--------+--------+--------+--------+-----+--------+

Top non-repeatable levels by time:
       D: 2555 daAuts
